 Dungeon Crawl Stone Soup version 0.28-a0-1190-g77e1c55843 (webtiles) character file.

Game seed: 4006371662802564486

179 Peloso the Covered (level 5, -1/47 HPs)
             Began as a Minotaur Fighter on Dec 18, 2021.
             Killed by divine providence
             ... invoked by an orc priest
              (11 damage)
             ... on level 3 of the Dungeon.
             The game lasted 00:02:46 (2246 turns).

Peloso the Covered (Minotaur Fighter)               Turns: 2246, Time: 00:02:48

Health: -1/47      AC:  7    Str: 21    XL:     5   Next: 32%
Magic:  4/4        EV: 10    Int:  5    God:
Gold:   149        SH:  5    Dex: 11    Spells: 4/4 levels left

rFire   . . .      SeeInvis .   a - +1 long sword
rCold   . . .      Faith    .   c - +0 buckler
rNeg    . . .      Spirit   .   b - +0 scale mail
rPois   .          Reflect  .   (helmet restricted)
rElec   .          Harm     .   (no cloak)
rCorr   .          Rampage  .   (no gloves)
Will    .....                   (no boots)
Stlth   ..........              (no amulet)
HPRegen 0.15/turn               (no ring)
MPRegen 0.09/turn               (no ring)

@: no status effects
A: horns 2, retaliatory headbutt
a: no special abilities


You were on level 3 of the Dungeon.
You visited 1 branch of the dungeon, and saw 3 of its levels.

You collected 149 gold pieces.

Inventory:

Hand Weapons
 a - a +1 long sword (weapon)
Armour
 b - a +0 scale mail (worn)
 c - a +0 buckler (worn)
Scrolls
 h - a scroll of noise
 i - a scroll of teleportation
 j - a scroll of identify
 k - a scroll of fear
Potions
 d - a potion of might
 e - a potion of berserk rage {unknown}


   Skills:
 + Level 4.5 Fighting
 + Level 3.7 Long Blades
 + Level 5.0 Armour
 + Level 0.7 Dodging
 + Level 0.2 Stealth
 + Level 4.7 Shields


You had 4 spell levels left.
You didn't know any spells.
Your spell library was empty.

Dungeon Overview and Level Annotations

Branches:
Dungeon (3/15)

Altars:
The Shining One

Shops:
D:3 (


Innate Abilities, Weirdness & Mutations

You have a pair of horns on your head.
You reflexively headbutt those who attack you in melee.


Message History

The orc priest mumbles some strange prayers to Beogh against you.
Beogh smites you!
You completely miss the orc. You headbutt the orc, but do no damage.
The orc is lightly wounded.
The orc hits you but does no damage.
You closely miss the orc.
The orc is lightly wounded.
You block the orc's attack.
The orc wizard casts a spell.
The orc wizard flickers and vanishes!
Deactivating autopickup; reactivate with Ctrl-A.
The orc hits you but does no damage.
You barely miss the orc.
The orc is lightly wounded.
The orc hits you with a +0 club.
You hit the orc.
The orc is moderately wounded.
The orc hits you with a +0 club.
You closely miss the orc.
The orc is moderately wounded.
The orc barely misses you.
You hit the orc.
The orc is heavily wounded.
The orc closely misses you. You block the orc's attack.
You closely miss the orc.
The orc is heavily wounded.
The orc barely misses you.
You barely miss the orc.
The orc is heavily wounded.
The orc priest invokes the aid of Beogh against you.
Beogh smites you!
* * * LOW HITPOINT WARNING * * *
You block the orc's attack.
You barely miss the orc.
The orc is heavily wounded.
The orc hits you with a +0 club.
* * * LOW HITPOINT WARNING * * *
The orc priest mumbles some strange prayers to Beogh against you.
Beogh smites you!
You die...

#. #.# #.# # #.# #. #.#
... #.################
....###.oo{o@........(..
........o###############
...oo....# .....##..#
.... #..# ... #..######
#.......# ##.####.# #.#
#.#


You could see an orc priest and 3 orcs.

Vanquished Creatures
  A scorpion (D:2)
  5 adders
  2 gnolls (D:2)
  A worm (D:3)
  2 dart slugs
  A ball python (D:2)
  4 endoplasms
  A giant cockroach (D:2)
  4 hobgoblins (D:1)
  5 jackals
  2 kobolds (D:2)
  7 quokkas
  3 bats
  2 frilled lizards
  2 goblins
  4 rats
46 creatures vanquished.

Vanquished Creatures (others)
  24 plants
24 creatures vanquished.

Grand Total: 70 creatures vanquished

Notes
Turn   | Place    | Note
-------+----------+-------------------------------------------
     0 | D:1      | Peloso the Minotaur Fighter began the quest for the Orb.
     0 | D:1      | Reached XP level 1. HP: 19/19 MP: 0/0
    38 | D:1      | You fall into a shaft and drop 1 floor!
   332 | D:2      | Reached XP level 2. HP: 27/27 MP: 1/1
   480 | D:2      | Reached skill level 4 in Armour
   657 | D:2      | Reached XP level 3. HP: 24/33 MP: 2/2
   889 | D:2      | Noticed a scorpion
   893 | D:2      | Killed a scorpion
   894 | D:2      | Reached XP level 4. HP: 41/41 MP: 3/3
  1094 | D:2      | Found a faded altar of an unknown god.
  1810 | D:3      | Found Ufiu's Weapon Shop.
  1827 | D:3      | Reached XP level 5. HP: 47/47 MP: 4/4
  1902 | D:3      | Reached skill level 5 in Armour
  2108 | D:3      | Found a glowing golden altar of the Shining One.
  2246 | D:3      | Killed from afar by an orc priest

Illustrated notes

Levels and vault maps discovered:
D:1:      amcnicky_arrival_abandoned_market, layout_basic
D:2:      wad_woods_tower, layout_loops_ring, basic_ecumenical_altar
D:3:      layout_loops_ring, tso_oasis_becter, serial_shops,
          nicolae_shop_crystal

Skill      XL: |  1  2  3  4  5 |
---------------+----------------+-----
Fighting       | 4 |  4.5
Armour         | 4 5 |  5.0
Shields        | 4 |  4.7
Long Blades    | 3 |  3.7
Dodging        | |  0.7
Stealth        | |  0.2

Action                   |  1- 3 |  4- 6 || total
-------------------------+-------+-------++-------
Melee: Long sword        |    47 |    71 ||   118
       Headbutt          |     8 |     7 ||    15
  Use: Scroll            |       |     7 ||     7
Armor: Scale mail        |    22 |    17 ||    39
Dodge: Dodged            |    24 |    33 ||    57
Block: Buckler           |    10 |    16 ||    26

Table legend: (Time is in decaauts)
 A = Elapsed time spent in this place.
 B = Non-inter-level travel time spent in this place.
 C = Inter-level travel time spent in this place.
 D = Time resting spent in this place.
 E = Time spent auto-exploring this place.
 F = Levels seen in this place.
 G = Mean time per level.
                   A        B        C        D        E       F      G
               +--------+--------+--------+--------+--------+-----+--------+
         Total |   2275 |   2207 |     68 |     38 |   1782 |   3 |  758.3 |
       Dungeon |   2275 |   2207 |     68 |     38 |   1782 |   3 |  758.3 |
               +--------+--------+--------+--------+--------+-----+--------+

Top non-repeatable levels by time:
     D:2: 1145 daAuts
     D:1: 634 daAuts
     D:3: 496 daAuts
